 Dungeon Crawl Stone Soup version 0.30-a0-1114-gd936c97349 (webtiles) character file.

Game seed: 13416163249378212278

219 senseless the Conjurer (level 5, 0/38 HPs)
             Began as a Demigod Conjurer on Apr 20, 2023.
             Slain by an elf zombie (3 damage)
             ... in an ossuary.
             The game lasted 00:08:58 (3520 turns).

senseless the Conjurer (Demigod Conjurer)           Turns: 3520, Time: 00:09:00

Health: 0/38       AC:  4    Str:  8    XL:     5   Next: 36%
Magic:  1/12       EV: 12    Int: 24    God:
Gold:   196        SH:  0    Dex: 12    Spells: 3/9 levels left

rFire   . . .      SeeInvis .    d - +3 rapier (protect)
rCold   . . .      Faith    .    (no shield)
rNeg    + . .      Spirit   .    a - +0 robe
rPois   .          Reflect  .    s - +2 hat
rElec   .          Rampage  .    (no cloak)
rCorr   .                        (no gloves)
Will    .....                    (no boots)
Stlth   ++                       (no amulet)
HPRegen 0.26/turn                o - ring of positive energy
MPRegen 0.13/turn                (no ring)

@: no status effects
A: high MP 1, forlorn, divine attributes
a: no special abilities


You were in an ossuary.
You visited 1 branch of the dungeon, and saw 4 of its levels.
You also visited: Ossuary.

You collected 196 gold pieces.

Inventory:

Hand Weapons
 d - a +3 rapier of protection (weapon)
Armour
 a - a +0 robe (worn)
 s - a +2 hat (worn)
Jewellery
 o - a ring of positive energy (left hand)
Wands
 j - a wand of flame (22)
Scrolls
 l - a scroll of amnesia
Potions
 b - a potion of magic
 c - 2 potions of haste {unknown}
 e - 2 potions of brilliance {unknown}
 g - 2 potions of cancellation {unknown}
 h - 3 potions of heal wounds {unknown}
 i - 6 potions of attraction
 k - 4 potions of curing
 n - a potion of berserk rage {unknown}
 q - a potion of lignification {unknown}


   Skills:
 + Level 3.0 Dodging
 + Level 3.3 Stealth
 + Level 2.8 Spellcasting
 + Level 4.4 Conjurations


You had 3 spell levels left.
You knew the following spells:

 Your Spells              Type           Power      Damage    Failure   Level
a - Magic Dart            Conj           96%        1d7       1%          1
b - Searing Ray           Conj           48%        2d6       2%          2
c - Dazzling Flash        Conj/Hex       28%        N/A       13%         3

Your spell library contained the following spells:

 Spells                   Type           Power      Damage    Failure   Level
 Kiss of Death            Conj/Necr      56%        2d9       4%          1
 Slow                     Hex            12%        N/A       11%         1
 Confusing Touch          Hex            3%         N/A       32%         3
 Vampiric Draining        Necr           3%         2d6       32%         3
 Volatile Blastmotes      Fire/Tloc      6%         2d10      32%         3
 Fulminant Prism          Conj/Hex       7%         3d6       41%         4
 Iskenderun's Mystic Bla  Conj/Tloc      14%        2d5       41%         4
 Dispel Undead            Necr           3%         3d7       73%         4
 Lee's Rapid Deconstruct  Erth           1%         3d4*      97%         5


Dungeon Overview and Level Annotations

Branches:
Dungeon (4/15)            Ossuary (1/1)
 Temple: D:4-7


Innate Abilities, Weirdness & Mutations

You have an increased reservoir of magic. (+10% MP)
You shall have no god before yourself.
Your divine heritage dramatically boosts your attributes as you level up.


Message History

You hit the human zombie.
The human zombie is severely damaged.
The human zombie barely misses you.
The elf zombie hits you but does no damage.
You puncture the human zombie!
You punch the human zombie, but do no damage.
The human zombie is almost destroyed.
The human zombie hits you.
The elf zombie hits you but does no damage.
The mummy closely misses you.
Casting: Searing Ray (safe; 2% risk of failure)
Confirm with . or Enter, or press ? or * to list all spells.
Aiming: Searing Ray (safe; 2% risk of failure)
Press: ? - help, Shift-Dir - straight line The searing ray hits the elf zombie!
The elf zombie is heavily damaged.
The searing ray hits the mummy.
The mummy is severely damaged.
The searing ray misses the kobold zombie. (Press . to maintain the ray.)
The elf zombie hits you.
The searing ray hits the elf zombie.
The elf zombie is heavily damaged.
The searing ray hits the mummy!
You destroy the mummy!
The searing ray misses the kobold zombie.
The human zombie hits you!
* * * LOW HITPOINT WARNING * * *
The elf zombie hits you.
* * * LOW HITPOINT WARNING * * *
The searing ray misses the elf zombie.
The searing ray hits the kobold zombie!
The kobold zombie is almost destroyed.
The human zombie closely misses you.
The searing ray hits the elf zombie.
The elf zombie is heavily damaged.
The searing ray hits the kobold zombie.
You destroy the kobold zombie!
You finish channelling your searing ray.
The elf zombie hits you.
You die...

..######..######Z..#
..# #^.# #...# ..#
#.^# #...#
..#.####.^####.#...#
..#.Z........Z.#...#
..#.......####.#...#
..#.......# #...#
..#.......# #...#
..#.....∩.# #@..#
..####+.... #ZZ.#
..# #...# #...# ..#
#...# #...#
.Z##############...#
...................#
.....M..∩∩.........#
####################


You could see an elf zombie and a human zombie.

Vanquished Creatures
  2 human zombies (Ossuary)
  2 mummies (Ossuary)
  4 adders (D:3)
  3 adder zombies (Ossuary)
  2 worms
  4 dart slugs
  An orc (D:3)
  3 ball pythons
  3 bats (D:3)
  3 endoplasms
  A giant cockroach (D:3)
  6 goblins
  4 hobgoblins
  5 quokkas
  3 frilled lizards
  2 goblin zombies (Ossuary)
  12 hobgoblin zombies (Ossuary)
  A jackal zombie (Ossuary)
  7 kobolds
  10 kobold zombies (Ossuary)
  5 orc zombies (Ossuary)
  7 rats
90 creatures vanquished.

Notes
Turn   | Place    | Note
-------+----------+-------------------------------------------
     0 | D:1      | senseless the Demigod Conjurer began the quest for the Orb.
     0 | D:1      | Reached XP level 1. HP: 14/14 MP: 5/5
   208 | D:1      | You fall into a shaft and drop 1 floor!
   440 | D:1      | Reached XP level 2. HP: 20/20 MP: 4/7
   443 | D:1      | Learned a level 2 spell: Searing Ray
  1425 | D:2      | Reached XP level 3. HP: 26/26 MP: 5/8
  2079 | D:3      | Reached skill level 4 in Conjurations
  2278 | D:3      | Reached XP level 4. HP: 25/33 MP: 1/10
  2693 | D:3      | Learned a level 3 spell: Dazzling Flash
  2746 | D:4      | Found a sand-covered staircase.
  2773 | Ossuary  | Entered an ossuary
  3450 | Ossuary  | Reached XP level 5. HP: 24/38 MP: 7/11
  3520 | Ossuary  | Slain by an elf zombie

Illustrated notes

Levels and vault maps discovered:
D:1:      ebering_trefoil_twist, layout_basic, minmay_tripent
D:2:      kennysheep_big_flooded_room, layout_loops_ring
D:3:      layout_basic, serial_bayou_pond_e, st_stairs_2, minivault_23,
          minmay_diced_spiral
D:4:      layout_cave_pools, lightli_ossuary_entry_decrepit_ruins, uniq_sigmund
Ossuary:  ossuary_tomb_1

Skill      XL: |  1  2  3  4  5 |
---------------+----------------+-----
Stealth        | 2 3 |  3.3
Dodging        | 2 3 |  3.0
Spellcasting   | 2 |  2.8
Conjurations   | 4 |  4.4

Action                     |  1- 3 |  4- 6 || total
---------------------------+-------+-------++-------
  Melee: Hand axe          |    15 |       ||    15
         Rapier            |     3 |    46 ||    49
         Punch             |       |     1 ||     1
   Cast: Magic Dart        |    96 |    82 ||   178
         Searing Ray       |     1 |     4 ||     5
    Use: Scroll            |     1 |    10 ||    11
   Stab: Sleeping          |     1 |       ||     1
 Armour: Robe              |     4 |    51 ||    55
  Dodge: Dodged            |    18 |    93 ||   111

Table legend: (Time is in decaauts)
 A = Elapsed time spent in this place.
 B = Non-inter-level travel time spent in this place.
 C = Inter-level travel time spent in this place.
 D = Time resting spent in this place.
 E = Time spent auto-exploring this place.
 F = Levels seen in this place.
 G = Mean time per level.
                   A        B        C        D        E       F      G
               +--------+--------+--------+--------+--------+-----+--------+
         Total |   3534 |   3488 |     46 |    115 |   2754 |   5 |  706.8 |
       Dungeon |   2778 |   2732 |     46 |     22 |   2365 |   4 |  694.5 |
       Ossuary |    755 |    755 |      0 |     93 |    389 |   1 |  755.0 |
               +--------+--------+--------+--------+--------+-----+--------+

Top non-repeatable levels by time:
     D:2: 954 daAuts
     D:3: 931 daAuts
     D:1: 814 daAuts
 Ossuary: 755 daAuts
     D:4: 79 daAuts
